 Dungeon Crawl Stone Soup version 0.28-a0-1356-g2ad6d04 (webtiles) character file.

Game seed: 16226082570359832186

111 Darkness the Sneak (level 4, 0/31 HPs)
             Began as a Vampire Enchanter on Dec 30, 2021.
             Succumbed to Robin's poison
             ... on level 3 of the Dungeon.
             The game lasted 00:13:07 (1860 turns).

Darkness the Sneak (Vampire Enchanter)              Turns: 1860, Time: 00:13:08

Health: 0/31       AC:  3    Str:  7    XL:     4   Next: 62%
Magic:  5/7        EV: 12    Int: 19    God:
Gold:   57         SH:  0    Dex: 14    Spells: 5/7 levels left

rFire   . . .      SeeInvis +   f - +1 dagger (protect)
rCold   . . .      Faith    .   (no shield)
rNeg    . . .      Spirit   .   b - +0 robe
rPois   .          Reflect  .   (no helmet)
rElec   .          Harm     .   (no cloak)
rCorr   .          Rampage  .   k - +0 pair of gloves
Will    .....                   (no boots)
Stlth   +++.......              o - amulet of magic regeneration
HPRegen 0.30/turn               (no ring)
MPRegen 0.50/turn               (no ring)

@: lethally poisoned (0 -> -3), healing quickly
A: alive, fangs 3, see invisible, vampiric 2
a: Exsanguinate


You were on level 3 of the Dungeon.
You visited 1 branch of the dungeon, and saw 3 of its levels.

You collected 57 gold pieces.

Inventory:

Hand Weapons
 a - a +1 dagger
 f - a +1 dagger of protection (weapon)
Armour
 b - a +0 robe (worn)
 k - a +0 pair of gloves (worn)
Jewellery
 o - an amulet of magic regeneration (around neck)
Wands
 l - a wand of polymorph (2)
Scrolls
 d - a scroll of enchant weapon {unknown}
 e - 2 scrolls of identify {unknown}
 g - 2 scrolls of immolation {unknown}
 j - a scroll of brand weapon {unknown}
 m - a scroll of enchant armour {unknown}
 q - a scroll of teleportation {unknown}
Potions
 c - a potion of invisibility
 h - a potion of resistance {unknown}
 i - a potion of heal wounds {unknown}
 n - a potion of curing {unknown}
 p - a potion of degeneration {unknown}
 r - a potion of mutation {unknown}


   Skills:
 + Level 0.6 Fighting
 + Level 2.0 Short Blades
 + Level 2.6 Dodging
 + Level 5.8 Stealth
 + Level 2.4 Spellcasting
 + Level 5.2 Hexes
 + Level 1.1 Ice Magic


You had 5 spell levels left.
You knew the following spells:

 Your Spells              Type           Power      Damage    Failure   Level
a - Ensorcelled Hibernat  Hex/Ice        28%        N/A       7%          2

Your spell library contained the following spells:

 Spells                   Type           Power      Damage    Failure   Level
 Confusing Touch          Hex            22%        N/A       5%          3
 Tukima's Dance           Hex            22%        N/A       5%          3
 Dazzling Flash           Conj/Hex       24%        N/A       17%         3


Dungeon Overview and Level Annotations

Branches:
Dungeon (3/15)

Altars:

Annotations:
D:3 Robin


Innate Abilities, Weirdness & Mutations

Your natural rate of healing is accelerated.
You have razor-sharp teeth.
You have supernaturally acute eyesight. (SInv)
You are afflicted with vampirism and can become a bat while bloodless.


Message History

Casting: Ensorcelled Hibernation (safe; 7% risk of failure)
Confirm with . or Enter, or press ? or * to list all spells.
Aiming: Ensorcelled Hibernation (safe; 7% risk of failure)
Press: ? - help, Shift-Dir - straight line, f - Robin
Aim: Robin, wielding a +4 dagger of venom, wearing a +0 animal skin and wearing a +1 helmet (chance to affect: 56%)
You miscast Ensorcelled Hibernation.
You are very lightly contaminated with residual magic.
Nothing appears to happen.
Robin hits you but does no damage.
You are poisoned.
Casting: Ensorcelled Hibernation (safe; 7% risk of failure)
Confirm with . or Enter, or press ? or * to list all spells.
You don't have enough magic to cast this spell.
Unknown command.
You hit Robin.
Robin is lightly wounded.
You feel very sick.
Robin hits you with a +4 dagger of venom.
You are more poisoned.
You hit Robin.
Robin is lightly wounded.
You feel very sick. Robin barely misses you.
You hit Robin but do no damage.
Robin is lightly wounded.
You feel very sick.
Robin hits you with a +4 dagger of venom.
* * * LOW HITPOINT WARNING * * *
You feel very sick.
You see here a ball python skeleton.
* * * LOW HITPOINT WARNING * * *
You feel sick.
A hobgoblin comes into view.
* * * LOW HITPOINT WARNING * * *
You feel sick.
* * * LOW HITPOINT WARNING * * *
You feel sick.
Your magical contamination has completely faded away.
* * * LOW HITPOINT WARNING * * *
You feel sick.
You die...

##.## #.#.######## #.....###.
#####...###......#######.....###.
..............##.................
#####...###.#.##########.....####
##.## #.#.# #.....# #...###)#.#
#>#.#.# #...)))รท#.## #.#.#.#
#...###....##### #.#.#.# ##.##
#..gg.@..#####.#.#
#.#####...###.........######
#..............######.......
#g.g..g...##.<.###### #.######
#.####.##.###.## #.# #.##.# #.#
#.# #.##.# #.# #.# #....# #.# #.#
#.#..# #.. (.#


You could see Robin and a hobgoblin.

Vanquished Creatures
  A hound (D:3)
  A hound skeleton (D:2)
  2 adders
  A dart slug (D:1)
  7 ball pythons
  4 endoplasms
  A giant cockroach (D:3)
  9 goblins
  6 hobgoblins
  4 quokkas
  3 bats (D:1)
  A frilled lizard (D:1)
  2 kobolds
  4 rats
46 creatures vanquished.

Notes
Turn   | Place    | Note
-------+----------+-------------------------------------------
     0 | D:1      | Darkness the Vampire Enchanter began the quest for the Orb.
     0 | D:1      | Reached XP level 1. HP: 13/13 MP: 3/3
   211 | D:1      | Reached XP level 2. HP: 11/19 MP: 5/5
   217 | D:1      | Learned a level 2 spell: Ensorcelled Hibernation
   273 | D:1      | Found a faded altar of an unknown god.
   352 | D:1      | Reached skill level 5 in Stealth
   401 | D:1      | Reached skill level 5 in Hexes
   961 | D:2      | Gained mutation: You are afflicted with vampirism and can
                  | become a bat while bloodless. [Vampire growth]
   961 | D:2      | Reached XP level 3. HP: 24/24 MP: 6/6
  1576 | D:3      | Reached skill level 1 in Ice Magic
  1576 | D:3      | Reached XP level 4. HP: 31/31 MP: 5/7
  1817 | D:3      | Noticed Robin
  1859 | D:3      | HP: 1/31 [poisoned by Robin]
  1860 | D:3      | Succumbed to Robin's poison

Illustrated notes

Levels and vault maps discovered:
D:1:      dpeg_arrival_round_b, layout_loops_cross,
          chequers_ecumenical_altar_simple_redux
D:2:      layout_rooms
D:3:      layout_loops_ring, nicolae_gozag_zags_fifth_avenue, uniq_robin,
          uniq_jessica

Skill      XL: |  1  2  3  4 |
---------------+-------------+-----
Stealth        | 5 |  5.8
Hexes          | 5 |  5.2
Ice Magic      | 1 |  1.1
Short Blades   | 2 |  2.0
Fighting       | |  0.6
Dodging        | |  2.6
Spellcasting   | |  2.4

Action                   |  1- 3 |  4- 6 || total
-------------------------+-------+-------++-------
Melee: Dagger            |   145 |    28 ||   173
       Bite              |     8 |     1 ||     9
 Cast: Ensorcelled Hiber |     9 |     9 ||    18
 Stab: Sleeping          |    16 |     5 ||    21
Armor: Robe              |    38 |     9 ||    47
Dodge: Dodged            |    97 |    14 ||   111

Table legend: (Time is in decaauts)
 A = Elapsed time spent in this place.
 B = Non-inter-level travel time spent in this place.
 C = Inter-level travel time spent in this place.
 D = Time resting spent in this place.
 E = Time spent auto-exploring this place.
 F = Levels seen in this place.
 G = Mean time per level.
                   A        B        C        D        E       F      G
               +--------+--------+--------+--------+--------+-----+--------+
         Total |   1846 |   1846 |      0 |      0 |    113 |   3 |  615.3 |
       Dungeon |   1846 |   1846 |      0 |      0 |    113 |   3 |  615.3 |
               +--------+--------+--------+--------+--------+-----+--------+

Top non-repeatable levels by time:
     D:1: 949 daAuts
     D:2: 493 daAuts
     D:3: 404 daAuts
